Map: Окраины Ньюкирка РВ (Void)

Players

madsteph

  • Race: Protoss Protoss
  • League: Diamond
  • Spawn Location: 7:00

Rapid - Winner!

  • Race: Terran Terran
  • League: Platinum
  • Spawn Location: 5:00

VOD

Have the link to the VOD?

Description

Time

  • Played on: March 28, 2017, 7:23 a.m.
  • Length: 11:50
Show
View Real Time Build Order
Export as new Build Order

madsteph Protoss 

Build Orders:  

Get SALT Encoding   

  12  0:01  Probe (Chrono Boost)  
  13  0:12  Probe (Chrono Boost)  
  14  0:19  Pylon  
  14  0:22  Probe (Chrono Boost)  
  15  0:37  Probe (Chrono Boost)  
  15  0:41  Gateway  
  16  0:44  Assimilator  
  16  0:50  Assimilator  
  16  0:52  Probe (Chrono Boost)  
  17  1:03  Probe (Chrono Boost)  
  18  1:13  Probe (Chrono Boost)  
  19  1:24  Probe (Chrono Boost), Pylon  
  20  1:31  Cybernetics Core  
  20  1:35  Probe (Chrono Boost)  
  21  1:45  Probe (Chrono Boost)  
  22  1:57  Warp Gate  
  22  2:00  Gateway  
  22  2:01  Gateway  
  24  2:11  Mothership Core (Chrono Boost)  
  24  2:23  Pylon  
  25  2:31  Probe (Chrono Boost), Pylon  
  25  2:43  Robotics Facility  
  25  2:56  Stalker  
  25  2:57  Stalker  
  29  3:06  Pylon  
  29  3:14  Pylon  
  29  3:33  Immortal  
  19  4:57  Pylon  
  19  4:59  Probe (Chrono Boost), Pylon  
  20  5:01  Pylon  
  20  5:05  Pylon  
  20  5:06  Immortal  
  20  5:11  Probe (Chrono Boost)  
  25  5:23  Probe (Chrono Boost)  
  26  5:33  Stalker x3  
  26  5:35  Probe (Chrono Boost)  
  33  5:43  Pylon  
  33  5:46  Immortal  
  37  6:02  Stalker  
  15  7:07  Mothership Core (Chrono Boost)  
  17  7:26  Probe (Chrono Boost)  
  12  7:58  Zealot  
  14  8:37  Pylon  
Show
View Real Time Build Order
Export as new Build Order

Rapid Terran - Winner!

Build Orders: Cyclone Opening 

Get SALT Encoding   

  12  0:01  SCV  
  13  0:13  SCV  
  14  0:19  Supply Depot  
  14  0:31  Refinery  
  14  0:41  Barracks  
  14  0:44  SCV  
  15  0:57  SCV  
  16  1:09  SCV  
  17  1:21  SCV  
  18  1:26  Engineering Bay  
  18  1:28  Supply Depot  
  18  1:42  Factory  
  18  1:50  SCV  
  19  2:00  Refinery  
  19  2:02  SCV  
  19  2:07  Missile Turret  
  20  2:25  Cyclone  
  20  2:27  SCV  
  24  2:40  Starport  
  24  2:42  SCV  
  25  2:49  Marine  
  26  3:02  Cyclone  
  29  3:07  Marine  
  29  3:12  Orbital Command  
  30  3:25  Supply Depot  
  30  3:48  Supply Depot  
  30  4:20  Liberator  
  27  4:36  Cyclone  
  29  4:57  SCV  
  30  5:03  Liberator, Marine  
  31  5:08  Cyclone  
  31  5:09  SCV  
  35  5:21  Armory, Marine, SCV  
  38  5:24  Command Center  
  40  5:39  Marine  
  35  6:13  Liberator  
  27  6:25  Cyclone  
  23  6:57  Cyclone  
  26  7:27  Orbital Command  
  17  8:22  SCV  
  18  8:34  SCV  
  19  8:46  SCV  
  20  8:52  Refinery  
  20  9:10  Hellbat  
  21  9:32  Hellbat  
  18  9:53  Hellbat  
  18  10:14  Hellbat  
  20  10:36  Hellbat  
  21  11:10  Command Center  
Tags
 
Add a new tag
Caveats
  • Supply blocks, unpowered buildings, or Contaminate may cause inaccurate times.
  • Supply counts are checked every 10 seconds.